 Dungeon Crawl Stone Soup version 0.20.1-1-g8b1a95d (console) character file.

787 hilaritas the Magician (level 7, 0/36 HPs)
             Began as a Deep Elf Earth Elementalist on Sept 2, 2017.
             Was an Initiate of Vehumet.
             Slain by Agrougrou's ghost (14 damage)
             ... on level 6 of the Dungeon.
             The game lasted 00:11:19 (5176 turns).

hilaritas the Magician (DEEE)                       Turns: 5176, Time: 00:11:20

Health: 0/36       AC:  3    Str:  6    XL:     7   Next: 56%
Magic:  1/19       EV: 13    Int: 21    God:    Vehumet [......]
Gold:   195        SH:  0    Dex: 15    Spells: 10/19 levels left

rFire    . . .     SeeInvis .   h - +3 short sword (drain)
rCold    + . .     Gourm    .   (no shield)
rNeg     . . .     Faith    .   c - +0 robe
rPois    .         Spirit   .   (no helmet)
rElec    .         Reflect  .   i - +0 cloak
rCorr    .         Harm     .   (no gloves)
MR       .....                  (no boots)
Stlth    ++........             v - amulet of magic regeneration
Regen    0.2/turn               x - ring of protection from cold
MPRegen  0.3/turn               (no ring)

@: no status effects
A: no striking features
a: Renounce Religion


You were on level 6 of the Dungeon.
You worshipped Vehumet.
Vehumet was noncommittal.
You were not hungry.

You visited 2 branches of the dungeon, and saw 7 of its levels.

You collected 195 gold pieces.

Inventory:

Hand Weapons
 h - a +3 short sword of draining (weapon)
 t - a +2 dagger of pain
Missiles
 b - 97 stones (quivered)
 s - 31 arrows
Armour
 c - a +0 robe (worn)
 i - a +0 cloak (worn)
Jewellery
 v - an amulet of magic regeneration (around neck)
 x - a ring of protection from cold (left hand)
Wands
 q - a wand of digging (24/24)
Scrolls
 a - a scroll of remove curse
 g - a scroll of recharging
 k - 2 scrolls of identify
 n - a scroll of enchant weapon
Potions
 f - a potion of curing
 j - 2 potions of brilliance {unknown}
 l - a potion of heal wounds {unknown}
 m - a potion of degeneration {unknown}
 p - a potion of flight {unknown}
 r - a potion of agility {unknown}
 u - 2 potions of cancellation {unknown}
 w - a potion of resistance {unknown}
Books
 e - a book of Geomancy

   Spells                             Type                      Level
   a - Sandblast                      Earth                        1
   b - Passwall                       Transmutation/Earth          2
   c - Stone Arrow                    Conjuration/Earth            3
   d - Petrify                        Transmutation/Earth          4
   e - Lee's Rapid Deconstruction     Earth                        5
Comestibles
 d - 7 bread rations
 o - 17 fruits
 z - a royal jelly
 A - 3 chunks of flesh


   Skills:
 - Level 2.4 Dodging
 - Level 2.4 Stealth
 - Level 6.7 Spellcasting
 * Level 4.8 Conjurations
   Level 1.1 Transmutations
 + Level 6.7 Earth Magic


You had 10 spell levels left.
You knew the following spells:

 Your Spells              Type           Power        Failure   Level  Hunger
a - Sandblast             Erth           #####.       1%          1    None
b - Stone Arrow           Conj/Erth      ####..       2%          3    #......
c - Lee's Rapid Deconstr  Erth           #####.....   16%         5    #####..


Dungeon Overview and Level Annotations

Branches:
Dungeon (6/15)             Temple (1/1) D:5

Altars:
Ashenzari
Cheibriados
Dithmenos
Elyvilon
Fedhas
Gozag
Kikubaaqudgha
Makhleb
Nemelex Xobeh
Okawaru
Ru
Uskayaw
Vehumet
Xom
Zin
The Shining One

Annotations:
D:6 Agrougrou's ghost, novice DsFi


Message History

Casting: Sandblast
Confirm with . or Enter, or press ? or * to list all spells.
Aiming: Sandblast
Press: ? - help, Shift-Dir - straight line, f/p - Agrougrou's ghost
Aim: Agrougrou's ghost (severely damaged)
The blast of sand hits Agrougrou's ghost.
Agrougrou's ghost is severely damaged.
b - 97 stones Agrougrou's ghost hits you!
* * * LOW HITPOINT WARNING * * *
You feel better. Agrougrou's ghost hits you.
Casting: Sandblast
Confirm with . or Enter, or press ? or * to list all spells.
Aiming: Stone Arrow
Press: ? - help, Shift-Dir - straight line, f/p - Agrougrou's ghost
Aim: Agrougrou's ghost (severely damaged)
The stone arrow hits Agrougrou's ghost.
Agrougrou's ghost is severely damaged.
Agrougrou's ghost hits you!
You die...

# ..# . < #.# ##. #
#.# ... # #.# #.#
###.# #.#.# ##..#
#.#.#### ##.##
#.#.)..# ##.##
#.#.##......
....######## #.#@#
##### ##........[#
#.#W# lā‰ˆ.
#.#######.###.#.####
#
#.#................#
#.#.#####.###.####.#
#.# #..........#ā‰ˆ
#.# #########..#.#
##>#. # # .....


You could see Agrougrou's ghost.

Vanquished Creatures
  Menkaure (D:5)
  2 ogres
  A crimson imp (D:5)
  A bullfrog zombie (D:5)
  4 orc priests
  A centaur skeleton (D:4)
  2 worker ants
  7 gnolls (D:5)
  5 adders
  An ooze (D:3)
  An adder skeleton (D:4)
  5 worms
  A dart slug (D:1)
  A leopard gecko (D:5)
  11 orcs
  8 giant cockroaches
  9 hobgoblins
  3 jackals (D:2)
  5 kobolds
  2 quokkas (D:4)
  2 ball pythons (D:1)
  12 bats
  2 frilled lizards
  8 goblins
  A jackal skeleton (D:4)
  11 rats
107 creatures vanquished.

Vanquished Creatures (others)
  5 fungi (D:6)
5 creatures vanquished.

Grand Total: 112 creatures vanquished

Notes
Turn   | Place    | Note
-------+----------+-------------------------------------------
     0 | D:1      | hilaritas the Deep Elf Earth Elementalist began the quest for the Orb.
     0 | D:1      | Reached XP level 1. HP: 10/10 MP: 6/6
   229 | D:1      | Reached XP level 2. HP: 15/15 MP: 6/8
   780 | D:2      | Reached XP level 3. HP: 19/19 MP: 7/9
   790 | D:2      | Learned a level 3 spell: Stone Arrow
   907 | D:2      | Reached skill level 5 in Earth Magic
  1183 | D:2      | Reached skill level 1 in Conjurations
  1468 | D:3      | Reached XP level 4. HP: 24/24 MP: 7/10
  2258 | D:3      | Reached XP level 5. HP: 28/28 MP: 4/11
  2265 | D:3      | Learned a level 5 spell: Lee's Rapid Deconstruction
  2779 | D:4      | Reached skill level 5 in Spellcasting
  2985 | D:4      | Reached XP level 6. HP: 32/32 MP: 8/16
  3741 | D:5      | Entered Level 5 of the Dungeon
  4124 | D:5      | Reached XP level 7. HP: 36/36 MP: 0/19
  4212 | D:5      | Found a staircase to the Ecumenical Temple.
  4219 | Temple   | Entered the Ecumenical Temple
  4350 | Temple   | Became a worshipper of Vehumet
  4765 | D:5      | Noticed Menkaure
  4769 | D:5      | Killed Menkaure
  5168 | D:6      | Noticed Agrougrou's ghost (novice DsFi)
  5176 | D:6      | Slain by Agrougrou's ghost

Skill      XL: |  1  2  3  4  5  6  7 |
---------------+----------------------+-----
Earth Magic    | 4 5 6 |  6.7
Conjurations   | 1 3 4 |  4.8
Spellcasting   | 5 6 |  6.7
Dodging        | |  2.4
Stealth        | |  2.4
Transmutations | |  1.1

Action                   |  1- 3 |  4- 6 |  7- 9 || total
-------------------------+-------+-------+-------++-------
Melee: Short sword       |     1 |     1 |    10 ||    12
Throw: Stone             |     1 |       |       ||     1
 Cast: Sandblast         |    59 |    55 |    13 ||   127
       Stone Arrow       |       |    34 |    16 ||    50
  Use: Scroll            |       |     6 |     2 ||     8
       Potion            |       |       |     1 ||     1
  Eat: Chunk             |     1 |     9 |     4 ||    14
Armor: Robe              |     2 |     2 |     4 ||     8
Dodge: Dodged            |    15 |     6 |     8 ||    29
